Map: Dusk Towers

Players

LilDicky - Winner!

  • Race: Terran Terran
  • League: Diamond

Skipper

  • Race: Terran Terran
  • League: Platinum

VOD

http://www.twitch.tv/tumescentpie

Description

Time

  • Played on: Dec. 5, 2015, 7:43 p.m.
  • Length: 15:08
Show
View Real Time Build Order
Export as new Build Order

LilDicky Terran - Winner!

Build Orders:  

Get SALT Encoding   

  12  0:01  SCV  
  13  0:13  SCV  
  14  0:18  Supply Depot  
  14  0:25  SCV  
  14  0:28  Refinery  
  15  0:40  SCV  
  16  0:45  Barracks  
  16  0:54  SCV  
  17  1:08  SCV  
  18  1:20  SCV  
  18  1:25  Refinery  
  19  1:32  Reaper  
  20  1:34  Supply Depot  
  20  1:36  Orbital Command  
  20  1:55  Factory  
  20  2:02  SCV  
  20  2:05  Marine  
  22  2:15  SCV  
  23  2:22  Marine  
  23  2:27  SCV  
  25  2:41  Marine  
  26  2:51  Factory Tech Lab  
  26  2:59  Marine  
  27  3:07  Starport  
  27  3:08  Command Center  
  27  3:17  Marine  
  28  3:35  Marine  
  28  3:39  SCV  
  30  3:51  SCV  
  31  3:56  Marine  
  31  4:04  Supply Depot, Cloaking Field  
  31  4:05  Widow Mine  
  31  4:06  Banshee  
  31  4:09  SCV  
  37  4:17  Supply Depot, Marine  
  37  4:20  Refinery  
  37  4:21  SCV  
  37  4:22  Orbital Command  
  37  4:23  Refinery  
  39  4:29  Supply Depot  
  39  4:33  SCV  
  39  4:35  Factory Tech Lab  
  40  4:45  SCV  
  41  4:53  Factory  
  41  4:56  Siege Tank  
  41  4:57  Banshee, SCV  
  41  4:58  SCV  
  49  5:09  SCV  
  49  5:10  SCV  
  51  5:14  Engineering Bay  
  51  5:21  SCV  
  51  5:22  SCV  
  50  5:30  Siege Tank  
  50  5:32  Marine  
  50  5:33  SCV  
  55  5:39  SCV, Banshee  
  55  5:40  Factory Tech Lab  
  59  5:44  Supply Depot  
  59  5:45  SCV  
  59  5:47  Missile Turret  
  60  5:50  Marine  
  60  5:51  Missile Turret  
  60  5:53  SCV  
  60  6:08  Marine  
  60  6:10  Supply Depot  
  60  6:11  SCV  
  62  6:29  SCV  
  63  6:36  Banshee  
  63  6:38  Siege Tank x2  
  71  6:44  Marine  
  72  6:48  SCV x2  
  74  6:55  Command Center  
  70  7:11  Siege Tank  
  66  7:17  Marine  
  58  7:29  SCV  
  56  7:31  Viking  
  56  7:32  Siege Tank  
  56  7:35  Marine  
  59  7:44  Siege Tank  
  62  7:53  Marine  
  63  8:04  Siege Tank  
  66  8:11  Marine  
  64  8:16  Siege Tank  
  64  8:18  SCV  
  64  8:19  SCV  
  69  8:21  Banshee  
  72  8:29  Factory, Marine  
  72  8:31  SCV x2  
  72  8:32  Factory  
  75  8:36  Siege Tank  
  75  8:37  Orbital Command  
  75  8:39  Refinery  
  78  8:43  SCV x2, Refinery  
  78  8:46  Marine  
  81  8:48  Siege Tank  
  81  8:52  Command Center  
  81  8:55  SCV x2  
  86  9:04  Marine  
  81  9:17  Viking  
  81  9:19  Siege Tank  
  81  9:20  Siege Tank  
  81  9:22  Marine  
  88  9:40  Marine  
  88  9:44  SCV x2  
  88  9:45  SCV  
  92  9:56  SCV, Starport  
  92  9:58  Starport  
  92  9:59  Factory Reactor  
  93  10:00  SCV x2, Factory Reactor, Marine  
  93  10:03  Banshee  
  93  10:04  Supply Depot  
  96  10:08  Planetary Fortress, SCV  
  96  10:09  Supply Depot  
  97  10:14  Missile Turret  
  97  10:15  SCV x2  
  97  10:18  Marine  
  97  10:20  SCV  
  100  10:27  SCV x2  
  100  10:33  SCV  
  100  10:35  Marine  
  100  10:39  SCV x2  
  100  10:45  SCV  
  94  10:51  SCV  
  83  11:05  Viking  
  83  11:08  Viking x2  
  83  11:09  Hellion, Siege Tank  
  83  11:10  Hellion, Siege Tank  
  90  11:17  SCV  
  90  11:18  Hellion x2  
  95  11:23  Starport  
  95  11:24  Refinery  
  95  11:26  Refinery, Starport  
  95  11:29  Command Center  
  95  11:31  Missile Turret  
  95  11:32  Missile Turret x2  
  93  11:33  Supply Depot, SCV x2  
  93  11:34  Supply Depot  
  93  11:35  Viking  
  93  11:36  Marine  
  98  11:41  Siege Tank, Starport Reactor  
  98  11:42  Siege Tank, Starport Reactor  
  98  11:44  Hellion  
  98  11:45  Hellion x2  
  106  11:53  SCV x2, Sensor Tower  
  106  11:54  SCV x2, Marine  
  110  12:00  Sensor Tower, Missile Turret  
  110  12:01  Hellion  
  113  12:05  Banshee, Missile Turret, Starport Tech Lab  
  113  12:06  Hellion, Starport Tech Lab  
  118  12:09  Factory  
  118  12:13  Factory  
  118  12:14  Siege Tank x2  
  124  12:22  Supply Depot  
  124  12:24  SCV  
  124  12:29  Supply Depot  
  125  12:33  Marine  
  125  12:37  Banshee x2, Viking  
  125  12:38  Viking x3  
  125  12:42  Hellion x2  
  125  12:43  Hellion  
  145  12:45  Supply Depot  
  145  12:46  Siege Tank x2  
  145  12:48  Banshee  
  154  12:53  Supply Depot  
  154  12:57  Factory Tech Lab, Factory Reactor  
  154  12:59  Infernal Pre-Igniter  
  154  13:02  Planetary Fortress  
  154  13:05  Missile Turret  
  154  13:06  Refinery  
  154  13:07  Viking  
  154  13:09  Refinery  
  154  13:12  Armory  
  156  13:15  SCV x3  
  156  13:17  SCV  
  156  13:19  Banshee  
  160  13:26  Hellion  
  160  13:27  Hellion, Siege Tank x3  
  173  13:32  Supply Depot, Armory  
  176  13:35  Missile Turret  
  176  13:36  Supply Depot  
  166  13:57  SCV  
  166  13:58  SCV  
  166  14:02  Banshee x3  
  174  14:13  Missile Turret  
  174  14:16  Missile Turret  
  174  14:24  Missile Turret  
  174  14:29  Hellion x4, Siege Tank x3  
  174  14:30  Hellion x2  
  195  14:31  Missile Turret  
  195  14:34  Missile Turret  
  195  14:35  Missile Turret  
  195  14:42  Command Center  
  195  14:49  Marine  
  200  14:54  Command Center  
  192  15:03  Command Center, Missile Turret  
Show
View Real Time Build Order
Export as new Build Order

Skipper Terran 

Build Orders: Reaper Expand 

Get SALT Encoding   

  12  0:01  SCV  
  13  0:13  SCV  
  14  0:19  Supply Depot  
  14  0:25  SCV  
  15  0:41  SCV  
  15  0:42  Barracks  
  16  0:45  Refinery  
  16  0:53  SCV  
  17  1:06  SCV  
  18  1:18  SCV  
  19  1:29  Reaper  
  19  1:32  Orbital Command  
  20  1:40  Supply Depot  
  20  1:56  Command Center  
  20  1:59  SCV  
  21  2:03  Barracks Tech Lab  
  21  2:13  SCV  
  22  2:19  Factory  
  22  2:27  SCV  
  22  2:29  Refinery  
  23  2:37  Barracks Reactor  
  22  2:52  SCV  
  22  3:04  SCV  
  23  3:16  Marine x2  
  23  3:17  Cyclone  
  23  3:18  SCV  
  27  3:41  SCV  
  27  3:42  Marine x2  
  27  3:45  SCV  
  31  3:53  SCV  
  31  4:06  SCV  
  31  4:07  Orbital Command  
  31  4:08  Starport  
  31  4:10  Refinery  
  31  4:11  Widow Mine, Marine  
  34  4:18  SCV  
  34  4:23  Supply Depot  
  35  4:30  SCV  
  36  4:34  SCV  
  37  4:42  Engineering Bay  
  37  4:46  Factory Tech Lab  
  37  4:47  Raven  
  39  4:54  SCV  
  40  5:03  SCV  
  40  5:04  Marine x2, Fusion Core  
  43  5:07  SCV  
  44  5:15  SCV, Missile Turret  
  44  5:18  Terran Infantry Weapons Level 1  
  44  5:20  Missile Turret  
  45  5:22  SCV  
  45  5:23  Refinery  
  46  5:40  SCV  
  45  5:46  Supply Depot  
  45  5:50  Barracks  
  45  5:51  Factory  
  45  5:53  Liberator  
  45  6:04  SCV  
  46  6:08  SCV  
  52  6:12  Siege Tank  
  52  6:16  SCV  
  54  6:20  Marine  
  54  6:21  SCV  
  54  6:34  SCV  
  54  6:39  Marauder  
  57  6:42  SCV  
  57  6:45  Factory Tech Lab  
  58  6:55  SCV  
  58  6:59  Marine  
  51  7:17  SCV, Marine  
  51  7:18  Marine x2  
  41  7:30  Liberator  
  41  7:34  SCV  
  41  7:35  SCV  
  41  7:36  Marine x2  
  44  7:44  Barracks Tech Lab  
  44  7:49  SCV  
  46  8:03  Supply Depot  
  46  8:04  Supply Depot  
  44  8:06  SCV  
  44  8:12  SCV  
  46  8:25  Siege Tank x2, Marine x2  
  46  8:26  SCV x2  
  56  8:30  Terran Infantry Armor Level 1  
  56  8:33  Command Center  
  56  8:36  Barracks  
  56  8:41  SCV  
  57  8:50  Starport Reactor  
  57  8:52  Barracks  
  55  8:56  Barracks  
  55  8:57  Siege Tank  
  58  9:11  SCV  
  56  9:17  Liberator x2  
  56  9:18  Marine x2  
  53  9:36  Marine  
  60  9:44  Marine  
  60  9:45  Marine x2  
  61  9:47  Orbital Command  
  61  9:53  Missile Turret, Marine  
  61  10:00  Missile Turret  
  61  10:10  Marine  
  62  10:15  Barracks Reactor  
  62  10:16  Barracks Reactor  
  59  10:31  Marine x2  
  59  10:34  Medivac x2  
  61  10:49  Marine x2  
  53  11:01  Marine x3  
  50  11:07  Marine x2  
  50  11:11  Marine  
  49  11:14  Barracks Reactor  
  49  11:15  Orbital Command  
  49  11:16  Siege Tank x2  
  55  11:18  Marine  
  55  11:19  Marine x2  
  55  11:24  Marine  
  55  11:25  Marine  
  60  11:27  SCV  
  60  11:28  Supply Depot  
  60  11:29  Supply Depot  
  60  11:30  Supply Depot  
  60  11:31  Supply Depot  
  61  11:33  Marine  
  61  11:36  Marine  
  61  11:38  Marine x2  
  64  11:44  Supply Depot  
  64  11:48  Siege Tank  
  64  11:49  Siege Tank  
  64  11:50  Armory, Marine  
  71  11:58  Supply Depot  
  71  12:00  Supply Depot  
  71  12:07  SCV  
  72  12:09  Supply Depot  
  72  12:13  Sensor Tower  
  72  12:17  SCV  
  72  12:19  Marine x5  
  72  12:20  Missile Turret  
  78  12:27  Barracks  
  78  12:31  Factory Tech Lab  
  78  12:35  SCV  
  79  12:38  SCV, Refinery  
  79  12:40  Refinery  
  79  12:42  Marine  
  79  12:43  Command Center, Marine x4  
  79  12:44  Marine x2  
  87  12:58  Terran Vehicle Weapons Level 1  
  87  13:06  Command Center, Siege Tank  
  87  13:08  Cyclone  
  87  13:09  SCV, Mag-Field Accelerator  
  87  13:10  Factory  
  87  13:11  Factory  
  94  13:13  SCV  
  95  13:20  SCV  
  96  13:30  SCV  
  97  13:35  SCV  
  84  13:59  Factory Tech Lab x2  
  84  14:01  Thor, Cyclone  
  87  14:05  SCV  
  87  14:06  SCV  
  87  14:08  Medivac x2  
  93  14:23  Missile Turret  
  93  14:30  Cyclone  
  102  14:39  Sensor Tower  
Tags
 
Add a new tag
Caveats
  • Supply blocks, unpowered buildings, or Contaminate may cause inaccurate times.
  • Supply counts are checked every 10 seconds.